 Dungeon Crawl Stone Soup version 0.21-a0-320-gefad53e (webtiles) character file.

50463 JackS81 the Carver (level 14, -3/111 HPs)
             Began as a Demonspawn Fighter on Sept 29, 2017.
             Was the Champion of Okawaru.
             Slain by an ettin
             ... wielding a +0 dire flail
              (43 damage)
             ... on level 2 of the Orcish Mines on Sept 30, 2017.
             The game lasted 01:40:17 (15306 turns).

JackS81 the Carver (Demonspawn Fighter)            Turns: 15306, Time: 01:40:18

Health: -3/111     AC: 25    Str: 29    XL:     14   Next: 19%
Magic:  0/20       EV: 10    Int:  7    God:    Okawaru [******]
Gold:   1940       SH:  0    Dex: 19    Spells: 13/13 levels left

rFire    + + +     SeeInvis .   K - +9 demon blade (freeze)
rCold    . . .     Gourm    .   t - +1 large shield {rN+}
rNeg     + + .     Faith    .   L - +0 plate armour
rPois    +         Spirit   +   (helmet unavailable)
rElec    .         Reflect  .   R - +0 cloak of Freedom {rPois Regen+ Int-5 Dex+4}
rCorr    .         Harm     +   N - +2 pair of gloves of the Doge {rPois rN+ Str+4 Dex-4}
MR       +....                  v - +2 pair of boots {Fly}
Stlth    ..........             n - amulet of harm
HPRegen  0.68/turn              k - ring of protection from fire
MPRegen  0.34/turn              A - ring of protection from fire

@: confused, mighty, agile, flying
A: horns 3, thin metallic scales 2, clever 1, fire resistance 1, sense
surroundings 1, powered by pain 3, magic shield, magic regeneration
a: Heroism, Finesse, Renounce Religion, Stop Flying


You were on level 2 of the Orcish Mines.
You worshipped Okawaru.
Okawaru was exalted by your worship.
You were hungry.

You visited 3 branches of the dungeon, and saw 17 of its levels.

You collected 1974 gold pieces.
You spent 34 gold pieces at shops.

Inventory:

Hand Weapons
 l - a +2 falchion of distortion
 x - the +5 hand crossbow of Vanity {flame, Dex+4}
   (You found it on level 8 of the Dungeon)

   It causes projectiles fired from it to burn those they strike, causing extra
   injury to most foes and up to half again as much damage against particularly
   susceptible opponents.
   It affects your dexterity (+4).
 y - a +1 scimitar of flaming
 D - a +2 dagger of speed
 K - a +9 demon blade of freezing (weapon)
Missiles
 e - 289 stones (quivered)
 B - 71 bolts
Armour
 c - a +2 shield
 t - a +1 large shield of positive energy (worn)
 v - a +2 pair of boots of flying (worn)
 L - a +0 plate armour (worn)
 M - a +2 cloak
 N - the +2 pair of gloves of the Doge (worn) {rPois rN+ Str+4 Dex-4}
   (Okawaru gifted it to you on level 6 of the Lair of Beasts)

   It affects your strength (+4).
   It affects your dexterity (-4).
   It protects you from poison.
   It protects you from negative energy.
 O - a +2 pair of gloves
 P - the +2 pair of boots of the Assassin {Detection Stab+ Stlth++}
   (Okawaru gifted it to you on level 3 of the Lair of Beasts)

   It makes you much more stealthy.
 R - the +0 cloak of Freedom (worn) {rPois Regen+ Int-5 Dex+4}
   (Okawaru gifted it to you on level 1 of the Lair of Beasts)

   It affects your intelligence (-5).
   It affects your dexterity (+4).
   It protects you from poison.
   It increases your rate of regeneration.
Jewellery
 b - an uncursed ring of ice
 k - a ring of protection from fire (left hand)
 m - an uncursed amulet of regeneration
 n - an amulet of harm (around neck)
 A - a ring of protection from fire (right hand)
 H - an uncursed ring of resist corrosion
 S - an uncursed ring of positive energy
Wands
 d - a wand of flame (35/48)
 q - a wand of polymorph (14/24)
 F - a wand of iceblast (10/15)
Scrolls
 a - 4 scrolls of recharging
 h - 2 scrolls of fog
 j - 11 scrolls of teleportation
 p - 2 scrolls of magic mapping
 s - 4 scrolls of amnesia
 u - 8 scrolls of remove curse
 Q - 3 scrolls of enchant armour
 T - a scroll of enchant weapon
 U - a scroll of fear
 X - a scroll of blinking
Potions
 r - 4 potions of flight
 E - a potion of ambrosia
 J - 3 potions of curing
 V - a potion of cancellation
 W - a potion of haste
Books
 i - Sif Muna's Grimoire of Confrontation
   (You found it on level 2 of the Orcish Mines)

   Spells                             Type                      Level
   a - Shock                          Conjuration/Air              1
 Y - a book of Necromancy

   Spells                             Type                      Level
   a - Pain                           Necromancy                   1
   b - Animate Skeleton               Necromancy                   1
   c - Vampiric Draining              Necromancy                   3
   d - Regeneration                   Charms/Necromancy            3
   e - Animate Dead                   Necromancy                   4
   f - Control Undead                 Necromancy                   4
Comestibles
 f - 5 bread rations
 g - 5 chunks of flesh
 o - 4 meat rations
 w - 7 royal jellies
 z - 30 fruits


   Skills:
 * Level 10.6 Fighting
 - Level 14.4 Long Blades
 * Level 5.3 Crossbows
 + Level 9.6 Armour
 + Level 9.8 Shields
 - Level 8.0 Invocations


You had 13 spell levels left.
You didn't know any spells.

Dungeon Overview and Level Annotations

Branches:
Dungeon (10/15)            Temple (0/1) D:4            Lair (6/6) D:10
 Shoals (0/4) Lair:4       Spider (0/4) Lair:3        Slime (0/5) Lair:6
    Orc (2/2) D:10            Elf (0/3) Orc:2

Altars:
Gozag
Nemelex Xobeh
Okawaru
Ru
Sif Muna
Trog
Wu Jian
Yredelemnul

Shops:
D:9 [   Orc:1 ?


Innate Abilities, Weirdness & Mutations

You have a pair of large horns on your head.
You are mostly covered in thin metallic scales. (AC +3)
Your flesh is heat resistant. (rF+)
You are powered by pain.
When hurt, damage is shared between your health and your magic reserves.
You regenerate magic rapidly.
Your mind is acute. (Int +2)
You passively map a small area around you.


Message History

Okawaru accepts your kill.
Reactivating autopickup.
You feel a bit more experienced.
The orc warrior throws a tomahawk.
You block the tomahawk. The orc wizard casts a spell at you.
You are confused.
The orc warrior throws a tomahawk.
The tomahawk hits you but does no damage.
You bump into the rock wall.
You are feeling hungry.
The ettin hits you with a dire flail!!
You focus on the pain.
You feel your power returning. The ettin hits you with a dire flail!!
You focus on the pain.
You feel very mighty all of a sudden.
You hear a shout!
You feel much better. The ettin hits you with a dire flail!!
You focus on the pain.
You feel agile all of a sudden. The ettin hits you with a dire flail!!!
You die...

.o .,..... , * .. .
..... , ##.#.....C. ,
, #...#......
##...#......o. , ,
#..oo.........
#.ooo...#.... , * #C#
,..... ##@## ......
#...##......
##.#........,
##.........,
###........#.
#.........##.
##.........#.##......
#.............#,.....
#...#.....##...#
*#....


You could see an ettin, an orc warrior, 2 orc wizards and 2 orcs.

Vanquished Creatures
  Gastronok (Lair:2)
  Azrael (Orc:2)
  3 dire elephants (Lair:6)
  Nessos (Orc:2)
  Snorg (Lair:4)
  An ettin (Orc:1)
  Fannar (Lair:1)
  Erolcha (D:9)
  A catoblepas (Lair:6)
  5 hydras
  An anaconda (Lair:6)
  Erica (D:8)
  2 two-headed ogres
  Nergalle (Lair:1)
  An orc sorcerer (Orc:1)
  Maurice (D:8)
  9 elephants (Lair:6)
  6 black mambas
  A centaur skeleton (D:10)
  10 spiny frogs
  A rime drake (Lair:1)
  2 komodo dragons
  3 jumping spiders (Lair:3)
  A polar bear (Lair:4)
  4 trolls
  31 blink frogs
  A snapping turtle (Lair:4)
  4 dream sheep (Lair:6)
  8 hippogriffs
  A slime creature (Lair:6)
  5 redbacks (Lair:3)
  16 yaks
  A wyvern (D:8)
  A vampire (D:10)
  4 fire elementals (Orc:2)
  2 wraiths
  7 wargs
  7 water moccasins
  4 hell hounds (Orc:2)
  8 porcupines
  8 orc warriors
  9 ice beasts
  A necrophage (D:7)
  A hornet zombie (D:9)
  3 ogres
  3 phantoms (D:8)
  9 wolves (Lair:3)
  3 centaurs
  12 crocodiles
  11 bullfrogs
  2 scorpions
  A wyvern skeleton (D:9)
  4 wights (D:7)
  13 killer bees
  5 electric eels
  2 howler monkeys (D:10)
  3 crimson imps
  6 jellies
  2 bullfrog zombies (D:8)
  2 hounds (D:9)
  16 orc priests
  A bullfrog skeleton (D:4)
  15 orc wizards
  10 worker ants
  A killer bee zombie (D:10)
  9 gnolls
  8 adders
  2 shadow imps
  2 worms
  3 dart slugs
  6 leopard geckos
  53 orcs
  A ball python (D:2)
  2 giant cockroaches
  11 goblins
  11 hobgoblins
  16 jackals
  14 kobolds
  2 quokkas
  8 bats
  8 frilled lizards
  10 rats
  4 plants (Lair:6)
473 creatures vanquished.

Vanquished Creatures (others)
  18 fungi
  4 plants
22 creatures vanquished.

Grand Total: 495 creatures vanquished

Notes
Turn   | Place    | Note
-------+----------+-------------------------------------------
     0 | D:1      | JackS81 the Demonspawn Fighter began the quest for the Orb.
     0 | D:1      | Reached XP level 1. HP: 18/18 MP: 1/1
    31 | D:1      | Reached skill level 2 in Long Blades
    47 | D:1      | Gained mutation: You are partially covered in thin metallic scales. (AC +2) [demonic ancestry]
    47 | D:1      | Reached XP level 2. HP: 14/24 MP: 2/2
   429 | D:1      | HP: 1/24 [kobold/short sword of electrocution (18)]
   767 | D:1      | Reached skill level 3 in Long Blades
   848 | D:1      | Reached XP level 3. HP: 29/29 MP: 3/3
  1971 | D:2      | Gained mutation: You sometimes gain a little power by taking damage. [demonic ancestry]
  1971 | D:2      | Reached XP level 4. HP: 29/35 MP: 4/4
  2402 | D:3      | Found an iron altar of Okawaru.
  2411 | D:3      | Became a worshipper of Warmaster Okawaru
  2504 | D:3      | Found an opulent altar of Gozag.
  2701 | D:3      | Reached skill level 4 in Long Blades
  2839 | D:3      | Reached skill level 1 in Invocations
  2845 | D:3      | Gained mutation: You sometimes gain power by taking damage. [demonic ancestry]
  2845 | D:3      | Reached XP level 5. HP: 27/41 MP: 3/5
  3584 | D:4      | Found a bloodstained altar of Trog.
  3617 | D:4      | Reached skill level 5 in Long Blades
  3766 | D:4      | Gained mutation: Your magical capacity is low. (-10% MP) [potion of mutation]
  3766 | D:4      | Lost mutation: Your magical capacity is low. (-10% MP) [potion of mutation]
  3766 | D:4      | Gained mutation: Your mind is acute. (Int +2) [potion of mutation]
  3766 | D:4      | Gained mutation: You passively map a small area around you. [potion of mutation]
  3772 | D:4      | Found a staircase to the Ecumenical Temple.
  3841 | D:4      | Noticed an ogre
  3851 | D:4      | Gained mutation: You have a pair of small horns on your head. [demonic ancestry]
  3851 | D:4      | Reached XP level 6. HP: 47/47 MP: 7/7
  3853 | D:4      | Reached skill level 6 in Long Blades
  3873 | D:4      | Reached * piety under Okawaru
  3956 | D:4      | Gained mutation: When hurt, damage is shared between your health and your magic reserves. [demonic ancestry]
  3956 | D:4      | Reached XP level 7. HP: 28/52 MP: 4/8
  4133 | D:4      | Found an ornate altar of the Wu Jian Council.
  4251 | D:4      | Found a sparkling altar of Nemelex Xobeh.
  4358 | D:4      | Got a bloodstained ring mail
  4372 | D:4      | Identified the cursed +0 ring mail of the Failed Coup {Stlth+} (You found it on level 4 of the Dungeon)
  4450 | D:5      | Entered Level 5 of the Dungeon
  4512 | D:5      | You are sucked into a shaft for 2 floors!
  4532 | D:7      | Reached skill level 7 in Long Blades
  4601 | D:7      | Noticed a hippogriff
  4621 | D:7      | Killed a hippogriff
  4621 | D:7      | Reached ** piety under Okawaru
  4621 | D:7      | Reached skill level 8 in Long Blades
  4640 | D:7      | Gained mutation: You regenerate magic rapidly. [demonic ancestry]
  4640 | D:7      | Reached XP level 8. HP: 50/56 MP: 7/10
  4709 | D:7      | Found a bloodstained altar of Trog.
  4726 | D:7      | Found a basalt altar of Yredelemnul.
  5433 | D:7      | Reached skill level 9 in Long Blades
  5594 | D:8      | Noticed Erica
  5613 | D:8      | Killed Erica
  5613 | D:8      | Reached *** piety under Okawaru
  5613 | D:8      | Gained mutation: You have a pair of horns on your head. [demonic ancestry]
  5613 | D:8      | Reached XP level 9. HP: 53/63 MP: 10/12
  5703 | D:8      | Reached **** piety under Okawaru
  5705 | D:8      | Received a gift from Okawaru
  5713 | D:8      | Reached skill level 10 in Long Blades
  5713 | D:8      | Reached skill level 5 in Invocations
  6274 | D:8      | Got a pitted hand crossbow
  6275 | D:8      | Noticed Maurice
  6292 | D:8      | Killed Maurice
  6292 | D:8      | Reached skill level 11 in Long Blades
  6322 | D:8      | Gained mutation: You are mostly covered in thin metallic scales. (AC +3) [demonic ancestry]
  6322 | D:8      | Reached XP level 10. HP: 61/71 MP: 14/14
  6338 | D:8      | Reached ***** piety under Okawaru
  6487 | D:8      | Identified the +5 hand crossbow of Vanity {flame, Dex+4} (You found it on level 8 of the Dungeon)
  6885 | D:9      | Found Laq Fowah's Antique Armour Shop.
  7023 | D:9      | Noticed Erolcha
  7034 | D:9      | Killed Erolcha
  7252 | D:9      | Reached skill level 5 in Shields
  7298 | D:9      | Noticed a two-headed ogre
  7308 | D:9      | Killed a two-headed ogre
  7308 | D:9      | Reached skill level 5 in Fighting
  7369 | D:9      | Found a deep blue altar of Sif Muna.
  7534 | D:9      | Found a sacrificial altar of Ru.
  7744 | D:10     | Entered Level 10 of the Dungeon
  7947 | D:10     | Reached skill level 5 in Armour
  8083 | D:10     | Found a staircase to the Lair.
  8128 | D:10     | Reached skill level 12 in Long Blades
  8237 | D:10     | Found a staircase to the Orcish Mines.
  8267 | D:10     | Received a gift from Okawaru
  8267 | D:10     | Reached XP level 11. HP: 45/80 MP: 12/16
  8555 | Lair:1   | Entered Level 1 of the Lair of Beasts
  8767 | Lair:1   | Noticed Fannar
  8770 | Lair:1   | Noticed Nergalle
  8786 | Lair:1   | Killed Nergalle
  8797 | Lair:1   | Killed Fannar
  8820 | Lair:1   | Reached ****** piety under Okawaru
  8820 | Lair:1   | Reached skill level 13 in Long Blades
  8822 | Lair:1   | Received a gift from Okawaru
  8828 | Lair:1   | Got a crude cloak {god gift}
  8849 | Lair:1   | Identified the +0 cloak of Freedom {rPois Regen+ Int-5 Dex+4} (Okawaru gifted it to you on level 1 of the Lair of Beasts)
  8993 | Lair:1   | Noticed a six-headed hydra
  9009 | Lair:1   | Killed a one-headed hydra
  9052 | Lair:1   | Upgraded the game from 0.21-a0-311-g9ae2175 to 0.21-a0-320-gefad53e
  9119 | Lair:1   | Got a jewelled leather armour
  9519 | Lair:2   | Noticed Gastronok
  9715 | Lair:2   | Gained mutation: You have a pair of large horns on your head. [demonic ancestry]
  9715 | Lair:2   | Reached XP level 12. HP: 78/89 MP: 15/18
  9903 | Lair:2   | Killed Gastronok
  9930 | Lair:2   | Identified the +2 leather armour of Pandemonium {MR- Slay+5} (You found it on level 1 of the Lair of Beasts)
  9970 | Lair:2   | Noticed an eight-headed hydra
  9979 | Lair:2   | Killed a six-headed hydra
  9979 | Lair:2   | Reached skill level 14 in Long Blades
 10511 | Lair:3   | Noticed a four-headed hydra
 10536 | Lair:3   | Killed a one-headed hydra
 10788 | Lair:3   | Received a gift from Okawaru
 10789 | Lair:3   | Found the +2 pair of boots of the Assassin {Detection Stab+ Stlth++}
 11053 | Lair:3   | Found a hole to the Spider Nest.
 11073 | Lair:3   | Reached skill level 1 in Crossbows
 11431 | Lair:4   | Noticed a seven-headed hydra
 11442 | Lair:4   | Killed a nine-headed hydra
 11564 | Lair:4   | Noticed Snorg
 11576 | Lair:4   | Killed Snorg
 11644 | Lair:4   | Found a staircase to the Shoals.
 11717 | Lair:4   | Gained mutation: You are powered by pain. [demonic ancestry]
 11717 | Lair:4   | Reached XP level 13. HP: 97/97 MP: 19/19
 11744 | Lair:4   | You are sucked into a shaft for 2 floors!
 11744 | Lair:6   | Entered Level 6 of the Lair of Beasts
 13054 | Lair:6   | Found a staircase to the Slime Pits.
 13263 | Lair:6   | Received a gift from Okawaru
 13264 | Lair:6   | Got a pair of translucent gloves {god gift}
 13275 | Lair:6   | Identified the +2 pair of gloves of the Doge {rPois rN+ Str+4 Dex-4} (Okawaru gifted it to you on level 6 of the Lair of Beasts)
 14034 | Lair:6   | Noticed a dire elephant
 14034 | Lair:6   | Noticed a dire elephant
 14045 | Lair:6   | Killed a dire elephant
 14052 | Lair:6   | Killed a dire elephant
 14158 | Lair:6   | Noticed a dire elephant
 14167 | Lair:6   | Killed a dire elephant
 14167 | Lair:6   | Received a gift from Okawaru
 14389 | Orc:1    | Entered Level 1 of the Orcish Mines
 14389 | Orc:1    | Found Torhuni's Magic Scroll Emporium.
 14397 | Orc:1    | Bought a scroll of identify for 34 gold pieces
 14449 | Orc:2    | Entered Level 2 of the Orcish Mines
 14449 | Orc:2    | Noticed Nessos
 14460 | Orc:2    | Killed Nessos
 14460 | Orc:2    | Reached skill level 10 in Fighting
 14462 | Orc:2    | Noticed Azrael
 14471 | Orc:2    | Reached skill level 5 in Crossbows
 14471 | Orc:2    | Gained mutation: Your flesh is heat resistant. (rF+) [demonic ancestry]
 14471 | Orc:2    | Reached XP level 14. HP: 110/110 MP: 15/20
 14482 | Orc:2    | Killed Azrael
 14619 | Orc:2    | Found a staircase to the Elven Halls.
 14707 | Orc:2    | Found a deep blue altar of Sif Muna.
 14725 | Orc:2    | Identified Sif Muna's Grimoire of Confrontation
 15306 | Orc:2    | Slain by an ettin

Vault maps used:
D:1:      matt_arrival_refuge, serial_bayou_pond_d, minmay_pentomino_r4
D:3:      corexii_shack_village, grunt_gozag_statues, grunt_ministairs_12,
          okawaru_ov_weapons_minmay
D:4:      lemuel_coloured_pillars_altar, nemelex_xobeh_ov_fountains_minmay,
          temple_pool_b, trog_three_pillars_becter
D:5:      first_bread, serial_shops, shop, kennysheep_dice
D:7:      nicolae_overflow_crystal_walls, lemuel_crystal_altar
D:8:      kennysheep_blocky_room, uniq_erica, uniq_maurice
D:9:      marbit_many_paths, lemuel_crystal_altar, serial_shops, shop,
          uniq_erolcha
D:10:     lair_entry_dummy, minmay_orc_entry_guard_dogs
Lair:1:   beast_lair_carwin_9, uniq_nergalle, uniq_fannar
Lair:2:   infiniplex_staircase_pool_2, uniq_gastronok
Lair:3:   nicolae_spider_entry_tight_spaces, lemuel_fruit_tree,
          grunt_megastairs_3
Lair:4:   minmay_shoals_entry_hut, uniq_snorg
Lair:5:   lemuel_fruit_fields, grunt_megastairs_1
Lair:6:   due_jungle_book, minmay_slime_entry_pillars,
          portal_ice_cave_entry_ice_beasts
Orc:1:    serial_shops, shop
Orc:2:    st_orc_ogre_mass, led_sif_book, uniq_nessos, uniq_azrael,
          uniq_saint_roka

Skill      XL: |  1  2  3  4  5  6  7  8  9 10 11 12 13 |
---------------+----------------------------------------+-----
Long Blades    | 2 3 4 5 6 8 9 11 12 13 14 | 14.4
Invocations    | 1 2 3 4 6 7 8 |  8.0
Shields        | 3 4 5 6 8 9 |  9.8
Armour         | 3 4 5 6 8 9 |  9.6
Fighting       | 4 5 6 7 10 | 10.6
Crossbows      | 2 5 |  5.3

Action                   |  1- 3 |  4- 6 |  7- 9 | 10-12 | 13-15 || total
-------------------------+-------+-------+-------+-------+-------++-------
Melee: Long sword        |   175 |   223 |   200 |       |       ||   598
       Headbutt          |       |    15 |    59 |   100 |    97 ||   271
       Scimitar          |       |       |   124 |   252 |    11 ||   387
       Demon blade       |       |       |       |   317 |   345 ||   662
Throw: Stone             |     5 |       |    32 |    17 |     5 ||    59
Invok: Heroism           |       |     1 |     5 |     5 |     3 ||    14
       Finesse           |       |       |       |     1 |     2 ||     3
Evoke: Wand              |       |       |       |     2 |       ||     2
  Use: Potion            |     1 |     3 |     2 |     5 |     2 ||    13
       Scroll            |       |     6 |    12 |     9 |     5 ||    32
  Eat: Chunk             |     4 |     5 |     8 |    16 |    10 ||    43
       Fruit             |       |     2 |       |     1 |     2 ||     5
Armor: Scale mail        |    71 |    91 |    99 |       |       ||   261
       Plate armour      |       |       |    26 |   306 |   109 ||   441
Dodge: Dodged            |    41 |    53 |    61 |    79 |    27 ||   261
Block: Shield            |    82 |    92 |   154 |   300 |    93 ||   721
       Large shield      |       |       |       |       |    58 ||    58
       Rpst.: Long sword |    19 |    20 |    11 |       |       ||    50
       Scimitar          |       |       |    12 |    10 |       ||    22
       Demon blade       |       |       |       |     8 |     8 ||    16

Table legend:
 A = Spawn XP
 B = Non-spawn XP
 C = Spawn XP percentage of total XP
 D = Spawn monster count
 E = Non-spawn monster count
 F = Spawn count percentage of total count
 G = Total turns spent on level
                    A         B        C        D         E        F      G
               +---------+---------+-------+---------+---------+-------+---------
         Total |       0 |   72091 |   0.0 |       0 |     469 |   0.0 | 15306
               +---------+---------+-------+---------+---------+-------+---------
           D:1 |       0 |      53 |   0.0 |       0 |      31 |   0.0 |  1259
           D:2 |       0 |      48 |   0.0 |       0 |      25 |   0.0 |   919
           D:3 |       0 |     123 |   0.0 |       0 |      30 |   0.0 |  1337
           D:4 |       0 |     616 |   0.0 |       0 |      40 |   0.0 |   935
           D:5 |       0 |      37 |   0.0 |       0 |       1 |   0.0 |    62
           D:7 |       0 |    1339 |   0.0 |       0 |      29 |   0.0 |  1077
           D:8 |       0 |    3677 |   0.0 |       0 |      40 |   0.0 |  1295
           D:9 |       0 |    2929 |   0.0 |       0 |      20 |   0.0 |   860
          D:10 |       0 |    2449 |   0.0 |       0 |      26 |   0.0 |   837
        Lair:1 |       0 |    9052 |   0.0 |       0 |      32 |   0.0 |  1017
        Lair:2 |       0 |    6422 |   0.0 |       0 |      18 |   0.0 |   923
        Lair:3 |       0 |    6797 |   0.0 |       0 |      32 |   0.0 |   952
        Lair:4 |       0 |    5377 |   0.0 |       0 |      13 |   0.0 |   830
        Lair:5 |       0 |    4806 |   0.0 |       0 |      21 |   0.0 |   806
        Lair:6 |       0 |   18739 |   0.0 |       0 |      50 |   0.0 |  1280
         Orc:1 |       0 |    4017 |   0.0 |       0 |      25 |   0.0 |   590
         Orc:2 |       0 |    5610 |   0.0 |       0 |      36 |   0.0 |   327
               +---------+---------+-------+---------+---------+-------+---------
